 Dungeon Crawl Stone Soup version 0.28-a0-1038-g9c4cb8273d (webtiles) character file.

Game seed: 6801961140170101197

11 random13 the Insei (level 2, 18/18 HPs)
             Began as an Octopode Transmuter on Dec 9, 2021.
             Was a Follower of Kikubaaqudgha.
             Quit the game on level 1 of the Dungeon.
             The game lasted 00:01:32 (710 turns).

random13 the Insei (Octopode Transmuter)             Turns: 710, Time: 00:01:33

Health: 18/18      AC:  1    Str:  9    XL:     2   Next: 25%
Magic:  5/5        EV: 13    Int: 15    God:    Kikubaaqudgha [*.....]
Gold:   7          SH:  0    Dex: 12    Spells: 4/5 levels left

rFire   . . .      SeeInvis .     - Unarmed
rCold   . . .      Faith    .   (no shield)
rNeg    . . .      Spirit   .   (helmet restricted)
rPois   .          Reflect  .   (no amulet)
rElec   .          Harm     .   (no ring)
rCorr   .          Rampage  .   (no ring)
Will    .....                   (no ring)
Stlth   ++........              (no ring)
HPRegen 0.06/turn               (no ring)
MPRegen 0.09/turn               (no ring)
                                (no ring)
                                (no ring)

@: no status effects
A: almost no armour, amphibious, 8 rings, camouflage 1, gelatinous body 1,
(nimble swimmer 1), tentacles
a: Renounce Religion, Receive Corpses


You were on level 1 of the Dungeon.
You worshipped Kikubaaqudgha.
Kikubaaqudgha was aware of your devotion.
You visited 1 branch of the dungeon, and saw 1 of its levels.

You collected 7 gold pieces.

Inventory:

Missiles
 c - 2 javelins
Scrolls
 d - a scroll of enchant weapon {unknown}
 e - a scroll of magic mapping {unknown}
Potions
 a - a potion of flight {unknown}
 b - 3 potions of magic {unknown}


   Skills:
 - Level 1.0 Fighting
 - Level 2.0 Dodging
 + Level 3.6 Unarmed Combat
 - Level 2.0 Spellcasting
 - Level 2.0 Transmutations


You had 4 spell levels left.
You knew the following spells:

 Your Spells              Type           Power      Damage    Failure   Level
a - Beastly Appendage     Tmut           14%        N/A       10%         1

Your spell library contained the following spells:

 Spells                   Type           Power      Damage    Failure   Level
 Wereblood                Tmut           7%         N/A       14%         2
 Animate Skeleton         Necr           2%         N/A       22%         1
 Pain                     Necr           4%         1d4       22%         1
 Sublimation of Blood     Necr           1%         N/A       32%         2
 Spider Form              Tmut/Pois      4%         N/A       41%         3
 Vampiric Draining        Necr           1%         2d6       54%         3
 Ice Form                 Ice/Tmut       4%         N/A       82%         4


Dungeon Overview and Level Annotations

Branches:
Dungeon (1/15)

Altars:
Kikubaaqudgha


Innate Abilities, Weirdness & Mutations

You cannot wear most types of armour.
You are amphibious.
You can wear up to eight rings at the same time.
Your skin changes colour to match your surroundings (Stealth+).
Your rubbery body absorbs attacks. (AC +1, EV +1)
((You are camouflaged near water. (Stealth+)))
You have tentacles for arms and can constrict up to eight enemies at once.


Message History

You see here a murky green potion.
A goblin is nearby!
The goblin closely misses you.
You see here a scroll labelled CACYMACRAT.
You closely miss the goblin. Your grab misses the goblin.
The goblin hits you with a +0 club.
You tentacle-slap the goblin.
You kill the goblin!
No target in view!
No target in view!
No target in view!
e - a scroll labelled CACYMACRAT
b - 3 murky green potions (gained 1)
Found a faded altar of an unknown god.
You now have 7 gold pieces.
A hobgoblin comes into view.
The hobgoblin shouts!
No reachable target in view!
A hobgoblin is nearby!
A hobgoblin is nearby!
A hobgoblin is nearby!
No reachable target in view!
No reachable target in view!
A hobgoblin is nearby!
Search for what [? for help]? altar A hobgoblin is nearby!
A hobgoblin comes into view.
A quokka comes into view.
The hobgoblin shouts!
Search for what [Enter for "altar", or ? for help]?
There is a faded altar of an unknown god here.
You cannot tell which god this altar belongs to.
Convert to them anyway?
Okay, then.
You cannot tell which god this altar belongs to.
Convert to them anyway?
Kikubaaqudgha accepts your prayer! Kikubaaqudgha welcomes you!
You can now receive cadavers from Kikubaaqudgha.
Kikubaaqudgha grants you a gift!
You add the spells Pain, Sublimation of Blood, Animate Skeleton and Vampiric Draining to your library.
Are you sure you want to abandon this character and quit the game? (Confirm with "yes".)

.#....# #.# #.#
.#....# #.# #.#
......### #.# ##.#
........# #.# #..#
#.#.....# ##.####..#
........####........#
#.#...........##.##.#
..........)##.#...#.#
#.#.............@...#
......#.#..#..#...#.##
..............##.##..#
......#.#............#
................####.#
.....###.....#### #..#
.....# #.##########.##
.....# #.#..........#
########.#.#######.##


There were no monsters in sight!

Vanquished Creatures
  A dart slug (D:1)
  3 goblins (D:1)
  A hobgoblin (D:1)
  A kobold (D:1)
  A quokka (D:1)
  A frilled lizard (D:1)
8 creatures vanquished.

Notes
Turn   | Place    | Note
-------+----------+-------------------------------------------
     0 | D:1      | random13 the Octopode Transmuter began the quest for the
                  | Orb.
     0 | D:1      | Reached XP level 1. HP: 13/13 MP: 3/3
   295 | D:1      | Reached XP level 2. HP: 17/18 MP: 5/5
   516 | D:1      | Found a faded altar of an unknown god.
   709 | D:1      | Prayed at the altar of an unknown god.
   709 | D:1      | Became a worshipper of Kikubaaqudgha
   709 | D:1      | Reached * piety under Kikubaaqudgha
   709 | D:1      | Received a gift from Kikubaaqudgha
   710 | D:1      | Quit the game

Illustrated notes

Levels and vault maps discovered:
D:1:      dpeg_arrival_orchard, layout_basic, serial_co_window_serial,
          co_window_paths_a, co_window_paths_a, co_window_paths_a,
          co_window_corner_a, co_window_corner_a, co_window_of_opportunity_a,
          co_window_cross_3, co_window_corner_b, co_window_2corner,
          co_window_of_opportunity_b, co_window_of_opportunity_c,
          co_window_2corner, co_window_of_opportunity_c, co_window_sun,
          glass_columns_a, glass_columns_a, glass_columns_b, glass_columns_a,
          glass_columns_a, ebering_ecumenical_altar_box, minmay_liquid_box,
          chequers_avenue

Action                   || total
-------------------------++-------
Melee: Unarmed           ||    24
       Constrict         ||     5
       Tentacles         ||     2
       Kick              ||     1
 Cast: Beastly Appendage ||     3
 Stab: Sleeping          ||     2
Armor: Skin              ||     1
Dodge: Dodged            ||    11

Table legend: (Time is in decaauts)
 A = Elapsed time spent in this place.
 B = Non-inter-level travel time spent in this place.
 C = Inter-level travel time spent in this place.
 D = Time resting spent in this place.
 E = Time spent auto-exploring this place.
 F = Levels seen in this place.
 G = Mean time per level.
                   A        B        C        D        E       F      G
               +--------+--------+--------+--------+--------+-----+--------+
         Total |    708 |    665 |     43 |      0 |    577 |   1 |  708.0 |
       Dungeon |    708 |    665 |     43 |      0 |    577 |   1 |  708.0 |
               +--------+--------+--------+--------+--------+-----+--------+

Top non-repeatable levels by time:
     D:1: 708 daAuts
